 Dungeon Crawl Stone Soup version 0.19.4-8-ga85b6b9 (webtiles) character file.

34 protoss039 the Grave Robber (level 3, -3/24 HPs)
             Began as a Demonspawn Necromancer on Feb 6, 2017.
             Slain by an adder (4 damage)
             ... on level 2 of the Dungeon on Feb 7, 2017.
             The game lasted 00:09:53 (1529 turns).

protoss039 the Grave Robber (DsNe)                  Turns: 1529, Time: 00:09:53

Health: -3/24      AC:  2    Str:  8    XL:     3   Next: 14%
Magic:  0/6        EV: 12    Int: 17    God:
Gold:   99         SH:  0    Dex: 13    Spells: 3 memorised, 1 level left

rFire  . . .     SeeInvis .     j - +0 dagger
rCold  + . .     Gourm    .     a - +0 robe
rNeg   . . .     Faith    .     (no shield)
rPois  .         Spirit   .     (no helmet)
rElec  .         Reflect  .     (no cloak)
rCorr  .         Harm     .     (no gloves)
MR     .....                    (no boots)
Stlth  ++........               (no amulet)
                                (no ring)
                                (no ring)

@: lethally poisoned (-3 -> -7)
A: cold resistance 1, rot immunity
a: no special abilities


You were on level 2 of the Dungeon.
You were hungry.

You visited 1 branch of the dungeon, and saw 2 of its levels.

You collected 99 gold pieces.

Inventory:

Hand Weapons
 j - a +0 dagger (weapon)
Armour
 a - a +0 robe (worn)
 e - a +0 chain mail
Scrolls
 k - a scroll of teleportation
 l - a scroll of fear
Potions
 g - a potion of flight
 h - a potion of lignification {unknown}
 i - a potion of might {unknown}
 n - a potion of agility {unknown}
Books
 b - a book of Necromancy

   Spells                             Type                      Level
   a - Pain                           Necromancy                   1
   b - Animate Skeleton               Necromancy                   1
   c - Vampiric Draining              Necromancy                   3
   d - Regeneration                   Charms/Necromancy            3
   e - Animate Dead                   Necromancy                   4
   f - Control Undead                 Necromancy                   4
 m - a book of Cantrips

   Spells                             Type                      Level
   a - Confusing Touch                Hexes                        1
   b - Animate Skeleton               Necromancy                   1
   c - Summon Small Mammal            Summoning                    1
   d - Apportation                    Translocation                1
Comestibles
 c - 6 bread rations
 d - 3 fruits
 f - a meat ration
 o - 3 chunks of flesh


   Skills:
 + Level 0.2 Fighting
 - Level 1.7 Dodging
 + Level 1.9 Stealth
 + Level 2.2 Spellcasting
 * Level 0.1 Charms
 + Level 5.2 Necromancy


You had one spell level left.
You knew the following spells:

 Your Spells              Type           Power        Failure   Level  Hunger
a - Pain                  Necr           ###.         2%          1    #......
b - Animate Skeleton      Necr           N/A          2%          1    #......
c - Regeneration          Chrm/Necr      ##........   21%         3    ###....


Dungeon Overview and Level Annotations

Branches:
Dungeon (2/15)

Altars:


Innate Abilities, Weirdness & Mutations

Your flesh is cold resistant. (rC+)
You are immune to rotting.


Message History

The goblin moves out of view.
The adder bites you.
* * * LOW HITPOINT WARNING * * *
A bat comes into view.
Press: ? - help, v - describe, . - travel
Here: an adder (heavily wounded)
The floor.
Casting: Regeneration
Confirm with . or Enter, or press ? or * to list all spells.
Aiming: Pain
Press: ? - help, Shift-Dir - straight line, f/p - adder
Aim: an adder (heavily wounded, chance to defeat MR: 84%)
The adder writhes in agony!
The adder barely misses you.
Casting: Pain
Confirm with . or Enter, or press ? or * to list all spells.
Aiming: Pain
Press: ? - help, Shift-Dir - straight line, f/p - adder
Aim: an adder (severely wounded, chance to defeat MR: 84%)
The adder writhes in agony!
The bat closely misses you. The adder bites you.
You die...

#...#####>.#.........
#...........###.#.#.
#%..............)...
#%...$..............
#...####..#.###...#.
#.#.# #..#.###...(. #
#.# #..#.........
#S## #..#.###.....
#@.# #..#.# #.....
##.# #..#.#....... b#
#.#.##..#. g#
..........
#..##..#.#.##..#.
.......#.#.##..#.
#...............
#.###....#.#.##..#.
.........#.#.##..#.


You could see an adder, a goblin and a bat.

Vanquished Creatures
  An adder (D:2)
  A dart slug (D:1)
  A leopard gecko (D:1)
  3 bats
  A giant cockroach (D:1)
  3 goblins
  2 hobgoblins (D:1)
  2 jackals (D:1)
  3 kobolds (D:1)
  A frilled lizard (D:2)
  3 rats
21 creatures vanquished.

Notes
Turn   | Place    | Note
-------+----------+-------------------------------------------
     0 | D:1      | protoss039 the Demonspawn Necromancer began the quest for the Orb.
     0 | D:1      | Reached XP level 1. HP: 13/13 MP: 3/3
     2 | D:1      | Learned a level 1 spell: Animate Skeleton
     9 | D:1      | Noticed a killer bee
    10 | D:1      | Noticed a swamp drake
    10 | D:1      | Noticed a black bear
   507 | D:1      | Gained mutation: You are immune to rotting. [demonic ancestry]
   507 | D:1      | Reached XP level 2. HP: 16/19 MP: 1/5
   675 | D:1      | Reached skill level 5 in Necromancy
  1200 | D:2      | Gained mutation: Your flesh is cold resistant. (rC+) [demonic ancestry]
  1200 | D:2      | Reached XP level 3. HP: 16/24 MP: 1/6
  1258 | D:2      | Learned a level 3 spell: Regeneration
  1529 | D:2      | Slain by an adder

Skill      XL: |  1  2 |
---------------+-------+-----
Necromancy     | 5 |  5.2
Fighting       | |  0.2
Dodging        | |  1.7
Stealth        | |  1.9
Spellcasting   | |  2.2
Charms         | |  0.1

Action                   || total
-------------------------++-------
Melee: Unarmed           ||    17
 Cast: Pain              ||    45
       Regeneration      ||     2
  Use: Scroll            ||     3
  Eat: Chunk             ||     2
Armor: Robe              ||    14
Dodge: Dodged            ||    40
